 Dungeon Crawl Stone Soup version 0.31.0-1-g2c135a0 (webtiles) character file.

Game seed: 4551548536572661434

1036 Tsarin the Cleaver (level 8, -1/68 HPs)
             Began as a Minotaur Gladiator on Feb 20, 2024.
             Was a Priest of Okawaru.
             Killed from afar by an electric eel (7 damage)
             ... with a bolt of electricity
             ... on level 6 of the Dungeon.
             The game lasted 00:17:10 (4289 turns).

Tsarin the Cleaver (Minotaur Gladiator)             Turns: 4289, Time: 00:17:11

Health: -1/68      AC: 12    Str: 25    XL:     8   Next: 4%
Magic:  7/7        EV: 12    Int:  4    God:    Okawaru [***...]
Gold:   146        SH:  0    Dex: 11    Spells: 7/7 levels left

rFire   . . .        a - +1 war axe
rCold   + . .        (no shield)
rNeg    . . .        o - +3 ring mail
rPois   .            c - +0 hat
rElec   .            q - +1 cloak
rCorr   .            (no gloves)
SInv    .            s - +0 pair of boots
Will    .....        h - amulet of faith
Stlth   +            i - ring of protection from cold
HPRegen 0.31/turn    (no ring)
MPRegen 0.10/turn

%: faith
@: no status effects
A: horns 2, retaliatory headbutt, hooves 1, strong 1
a: Renounce Religion, Heroism


You were on level 6 of the Dungeon.
You worshipped Okawaru.
Okawaru was most pleased with you.
You visited 1 branch of the dungeon, and saw 6 of its levels.

You collected 146 gold pieces.

Inventory:

Hand Weapons
 a - a +1 war axe (weapon)
Armour
 c - a +0 hat (worn)
 o - a +3 ring mail (worn)
 q - a +1 cloak (worn)
 s - a +0 pair of boots (worn)
Jewellery
 g - a ring of ice
 h - an amulet of faith (around neck)
 i - a ring of protection from cold (left hand)
Wands
 t - a wand of mindburst (3)
 x - a wand of flame (7)
Scrolls
 d - a scroll of teleportation
 u - a scroll of identify
Potions
 b - 2 potions of heal wounds {unknown}
 e - a potion of degeneration {unknown}
 f - a potion of invisibility {unknown}
 j - 2 potions of mutation
 k - 2 potions of curing {unknown}
 l - 2 potions of haste
 m - a potion of cancellation {unknown}
 n - a potion of experience {unknown}
 p - a potion of resistance {unknown}
 r - a potion of berserk rage {unknown}
 w - a potion of lignification {unknown}


   Skills:
 + Level 5.0 Fighting
 + Level 8.9 Axes
 - Level 2.1 Throwing
 + Level 4.5 Armour
 + Level 4.4 Dodging
 + Level 1.3 Stealth


You had 7 spell levels left.
You didn't know any spells.
Your spell library contained the following spells:

 Spells                   Type           Power      Damage    Failure   Level
 Ozocubu's Armour         Ice            0%         N/A       94%         3
 Metabolic Englaciation   Hex/Ice        0%         N/A       100%        5
 Sculpt Simulacrum        Ice/Alch       Unusable   N/A       N/A         6

Dungeon Overview and Level Annotations

Branches:
Dungeon (6/15)
 Temple: D:4-7

Altars:
Cheibriados
Dithmenos
Elyvilon
Okawaru
Qazlal
Trog
Uskayaw
Xom
Zin
The Shining One

Shops:
D:2 ?


Innate Abilities, Weirdness & Mutations

You have a pair of horns on your head.
You reflexively headbutt those who attack you in melee.
You have large cloven feet.
Your muscles are strong. (Str +4, Int/Dex -1)


Message History

You headbutt the water moccasin.
The water moccasin attacks as it pursues you!
The water moccasin completely misses you.
The water moccasin bites you but does no damage.
You barely miss the water moccasin.
Your headbutt misses the water moccasin.
The water moccasin is severely wounded.
The water moccasin barely misses you. You furiously retaliate!
You headbutt the water moccasin!
You kill the water moccasin!
Okawaru is honoured by your kill.
The electric eel shoots out a bolt of lightning at you!
The bolt of electricity hits you!
Your Fighting skill increases to level 5!
You have reached level 8!
You feel agile.
The electric eel shoots out a bolt of lightning at you!
The bolt of electricity hits you!
An electric eel comes into view.
You slash the electric eel!
The electric eel is severely wounded.
An adder comes into view.
The electric eel shoots out a bolt of lightning at you!
The bolt of electricity hits you! x2
The bolt of electricity hits the electric eel.
The electric eel completely resists.
The bolt of electricity hits the plant!
The plant begins to die.
The electric eel shoots out a bolt of lightning at you!
The bolt of electricity misses you.
The adder hisses angrily.
You hit the electric eel.
The electric eel is almost dead.
The electric eel shoots out a bolt of lightning at you!
The bolt of electricity hits you. The bolt of electricity hits you!
* * * LOW HITPOINT WARNING * * *
The bolt of electricity hits the electric eel.
The electric eel completely resists.
The bolt of electricity hits the plant!
The electric eel shoots out a bolt of lightning at you!
The bolt of electricity hits you!
You die...

#..~~≈≈~P. #$.~~≈≈PP.
#...≈≈≈~~. #..SP≈≈P..
#..~≈≈P~~. ...S≈~...
#..≈≈~~..
##########.S≈≈~...
####..##.....@#≈≈≈.P.
#....._######.# ≈≈#P.
###..### #.# ≈#
#....8# ###.# #
##..### #...# #....#
#.### #####..## ##.##
#.#8....# #...#
#.###..### #.###


You could see 2 electric eels and an adder.

Vanquished Creatures
  Grinder (D:5)
  Sigmund (D:5)
  A water moccasin (D:6)
  2 phantoms (D:5)
  A gnoll sergeant (D:6)
  A hound (D:4)
  A sleepcap (D:6)
  5 iguanas
  4 gnolls (D:6)
  7 adders
  3 dart slugs
  3 ribbon worms (D:2)
  11 orcs
  12 bats
  5 endoplasms
  2 giant cockroaches (D:2)
  11 goblins
  9 hobgoblins
  2 quokkas
  13 ball pythons
  4 frilled lizards (D:2)
  11 kobolds
  8 rats
118 creatures vanquished.

Notes
Turn   | Place    | Note
-------+----------+-------------------------------------------
     0 | D:1      | Tsarin the Minotaur Gladiator began the quest for the Orb.
     0 | D:1      | Reached XP level 1. HP: 18/18 MP: 0/0
   150 | D:1      | Reached skill level 4 in Axes
   150 | D:1      | Reached XP level 2. HP: 21/25 MP: 1/1
   611 | D:1      | Reached XP level 3. HP: 30/30 MP: 2/2
  1087 | D:2      | Found Igrubeb's Magic Scroll Boutique.
  1190 | D:2      | Reached XP level 4. HP: 38/38 MP: 3/3
  1191 | D:2      | Reached skill level 5 in Axes
  1308 | D:2      | Reached skill level 1 in Armour
  1619 | D:3      | Found an iron altar of Okawaru.
  1626 | D:3      | Became a worshipper of Warmaster Okawaru
  1673 | D:3      | Found a glowing golden altar of the Shining One.
  1725 | D:3      | Found a faded altar of an unknown god.
  2103 | D:4      | Reached XP level 5. HP: 46/46 MP: 4/4
  2230 | D:4      | Found a hide-covered altar of Uskayaw.
  2243 | D:4      | Found a glowing silver altar of Zin.
  2246 | D:4      | Found a snail-covered altar of Cheibriados.
  2246 | D:4      | Found a bloodstained altar of Trog.
  2259 | D:4      | Found a shadowy altar of Dithmenos.
  2708 | D:5      | Entered Level 5 of the Dungeon
  2742 | D:5      | Reached skill level 6 in Axes
  2749 | D:5      | Reached * piety under Okawaru
  2900 | D:5      | Noticed a phantom
  2901 | D:5      | Noticed Sigmund
  2927 | D:5      | Killed a phantom
  2928 | D:5      | Reached XP level 6. HP: 44/52 MP: 5/5
  2933 | D:5      | Killed Sigmund
  2933 | D:5      | Reached ** piety under Okawaru
  2934 | D:5      | Reached skill level 7 in Axes
  2934 | D:5      | Reached skill level 1 in Stealth
  2985 | D:5      | Identified the +0 sling of Mourning {heavy, rPois Int+3
                  | Stlth+}
  3095 | D:5      | Reached XP level 7. HP: 56/60 MP: 6/6
  3481 | D:5      | Found a shimmering altar of Xom.
  3693 | D:5      | Noticed Grinder
  3706 | D:5      | Paralysed by Grinder for 2 turns
  3712 | D:5      | Killed Grinder
  3713 | D:5      | Reached skill level 8 in Axes
  3969 | D:6      | Reached *** piety under Okawaru
  4051 | D:6      | Gained mutation: You have large cloven feet. [potion of
                  | mutation]
  4051 | D:6      | Gained mutation: Your muscles are strong. (Str +4, Int/Dex
                  | -1) [potion of mutation]
  4233 | D:6      | Found a stormy altar of Qazlal.
  4241 | D:6      | Found a white marble altar of Elyvilon.
  4284 | D:6      | Reached skill level 5 in Fighting
  4284 | D:6      | Reached XP level 8. HP: 51/68 MP: 7/7
  4289 | D:6      | Killed from afar by an electric eel

Illustrated notes

Levels and vault maps discovered:
D:1:      noname_arrival_rooms_in_the_neighbourhood, layout_basic
D:2:      layout_rooms, serial_shops, shop, minmay_joined_circles
D:3:      layout_loops_ring, lemuel_doored_altar, okawaru_metal_pillars_3,
          hellmonk_ecumenical_altar_lost_god
D:4:      layout_loops_cross, nicolae_overflow_hallway_of_the_gods
D:5:      layout_basic, mainiacjoe_overflow_alcove_4, uniq_grinder, uniq_sigmund
D:6:      layout_loops_ring, minitemple, columned_hall_lemuel,
          chequers_big_river, uniq_pikel, uniq_edmund

Skill      XL: |  1  2  3  4  5  6  7 |
---------------+----------------------+-----
Axes           | 4 5 6 7 8 |  8.9
Fighting       | 3 4 5 |  5.0
Armour         | 1 2 3 4 |  4.5
Stealth        | 1 |  1.3
Dodging        | 4 |  4.4
Throwing       | |  2.1

Action                     |  1- 3 |  4- 6 |  7- 9 || total
---------------------------+-------+-------+-------++-------
  Melee: War axe           |    96 |   105 |    52 ||   253
         Headbutt          |     9 |     7 |     8 ||    24
         Punch             |     1 |     1 |     1 ||     3
  Evoke: Wand              |       |       |     3 ||     3
    Use: Scroll            |     3 |     5 |     4 ||    12
         Potion            |       |       |     1 ||     1
 Armour: Leather armour    |     9 |       |       ||     9
         Ring mail         |    53 |    69 |    41 ||   163
  Dodge: Dodged            |    61 |    54 |    26 ||   141
